Map: Oxide LE

Players

MaSa - Winner!

  • Race: Terran Terran

PattyMac

  • Race: Protoss Protoss

Event: DreamHack SC2 Masters 2021 Winter

VOD

Have the link to the VOD?

Description

Time

  • Played on: Oct. 8, 2021, 5:35 p.m.
  • Length: 11:45

All games in this series

Show
View Real Time Build Order
Export as new Build Order

MaSa Terran - Winner!

Build Orders:  

Get SALT Encoding   

  12  0:00  SCV  
  13  0:12  SCV  
  14  0:17  Supply Depot  
  14  0:24  SCV  
  15  0:38  SCV  
  15  0:39  Barracks  
  16  0:44  Refinery  
  16  0:51  SCV  
  17  0:58  Engineering Bay  
  17  1:03  SCV  
  18  1:15  SCV  
  19  1:26  Marine  
  19  1:27  Orbital Command  
  20  1:36  Refinery  
  20  1:44  Marine  
  20  1:46  Factory  
  21  1:55  Supply Depot  
  21  1:58  SCV  
  22  2:02  Marine  
  23  2:17  SCV  
  23  2:18  Supply Depot  
  25  2:29  SCV  
  25  2:32  Starport  
  25  2:33  Bunker  
  25  2:36  Widow Mine  
  27  2:43  Barracks Reactor  
  27  2:46  SCV  
  28  2:57  Widow Mine  
  28  2:58  SCV  
  31  3:08  Medivac  
  31  3:10  SCV  
  34  3:13  Armory  
  36  3:24  SCV  
  35  3:32  Widow Mine x2  
  38  3:34  Supply Depot  
  38  3:37  SCV  
  39  3:58  Command Center  
  41  4:04  SCV  
  41  4:07  Marine  
  43  4:10  Starport Tech Lab  
  43  4:16  SCV, Engineering Bay  
  40  4:28  SCV, Raven  
  40  4:29  Supply Depot  
  45  4:31  Widow Mine  
  45  4:35  Widow Mine  
  45  4:38  Barracks Tech Lab  
  47  4:50  SCV  
  44  5:03  SCV, Siege Tank, Marine x2  
  50  5:07  Terran Infantry Weapons Level 1  
  48  5:15  SCV, Barracks  
  48  5:21  Orbital Command  
  49  5:24  Starport Tech Lab, Marine  
  49  5:27  SCV  
  51  5:29  Marine  
  52  5:35  Siege Tank  
  52  5:39  SCV  
  56  5:46  Orbital Command  
  57  5:51  SCV  
  57  5:53  Marine x2  
  59  5:57  Barracks  
  59  5:59  Starport Reactor  
  56  6:08  Siege Tank  
  56  6:12  SCV  
  56  6:13  Marine  
  56  6:14  SCV, Marine  
  58  6:23  Barracks  
  58  6:24  SCV  
  59  6:26  SCV  
  59  6:27  Marine  
  59  6:31  Marine  
  62  6:32  Stimpack  
  62  6:36  SCV  
  63  6:41  Marine  
  63  6:43  SCV  
  63  6:57  SCV x2  
  63  6:58  Marine  
  63  6:59  Marine  
  63  7:00  Supply Depot  
  67  7:04  Factory Reactor  
  67  7:07  Marine  
  67  7:08  Supply Depot  
  68  7:09  SCV  
  68  7:11  SCV  
  68  7:12  Command Center  
  70  7:17  Marauder  
  70  7:18  Terran Infantry Armor Level 1  
  70  7:22  SCV  
  71  7:24  Marine  
  71  7:25  Marauder, Marine  
  71  7:26  SCV  
  71  7:29  Supply Depot  
  76  7:35  Combat Shield  
  75  7:37  SCV  
  75  7:43  Barracks  
  75  7:45  Barracks  
  75  7:47  Medivac  
  78  7:51  SCV x2  
  78  7:56  Refinery  
  78  7:58  Refinery  
  79  8:00  Marauder, Marine x2  
  79  8:03  SCV  
  79  8:05  Widow Mine x2  
  88  8:07  SCV  
  89  8:15  SCV  
  89  8:19  SCV  
  91  8:21  Marauder, Marine  
  89  8:28  Marine  
  89  8:29  Marauder  
  75  8:35  Medivac  
  75  8:39  Widow Mine x2, Marine  
  75  8:40  SCV x2  
  77  8:46  Marine  
  77  8:47  Marauder  
  77  8:48  Barracks Reactor  
  79  8:54  SCV x2  
  79  8:57  Marine x2  
  79  8:58  Marauder  
  79  9:00  Widow Mine x2  
  80  9:06  SCV x2  
  80  9:08  Medivac  
  84  9:12  Marauder, Marine  
  87  9:18  SCV x2  
  87  9:23  Marine  
  87  9:24  Marauder, Marine x3  
  93  9:28  Orbital Command  
  93  9:29  Marine  
  93  9:30  SCV x2  
  98  9:34  Marauder  
  100  9:40  Medivac  
  100  9:41  Marine  
  100  9:42  Marauder  
  100  9:43  Medivac  
  100  9:44  SCV x2  
  109  9:53  Supply Depot  
  109  9:54  Supply Depot  
  109  9:55  Refinery  
  109  10:01  Missile Turret  
  109  10:03  Engineering Bay  
  109  10:15  Marauder, Medivac, SCV x3, Marine  
  109  10:16  Marauder x2  
  121  10:27  SCV x2  
  121  10:28  Marine x3  
  121  10:29  SCV  
  121  10:31  Supply Depot  
  121  10:32  Supply Depot  
  121  10:33  Supply Depot  
  121  10:34  Widow Mine  
  125  10:47  Marine x2  
  125  10:50  Concussive Shells  
  125  10:52  SCV  
  125  10:53  Marauder x2, Widow Mine  
  125  10:55  Marine x2  
  125  10:56  Marauder  
  136  10:57  Widow Mine  
  136  10:58  Command Center  
  136  11:00  Ghost Academy  
  136  11:02  SCV  
  137  11:07  Marine  
  138  11:14  Marauder  
  138  11:17  Marine  
  138  11:18  Marauder x2  
  138  11:28  SCV x3  
Show
View Real Time Build Order
Export as new Build Order

PattyMac Protoss 

Build Orders: Oracle Opening, Blink Stalkers 

Get SALT Encoding   

  12  0:00  Probe  
  13  0:12  Probe  
  14  0:16  Pylon  
  14  0:24  Probe (Chrono Boost)  
  16  0:36  Probe (Chrono Boost)  
  16  0:37  Gateway  
  16  0:43  Probe (Chrono Boost)  
  16  0:47  Assimilator  
  17  0:50  Probe  
  18  0:58  Assimilator  
  18  1:03  Probe  
  19  1:15  Probe  
  20  1:20  Pylon  
  20  1:23  Cybernetics Core  
  20  1:26  Zealot (Chrono Boost)  
  20  1:31  Probe  
  23  1:43  Probe  
  24  1:55  Probe  
  24  1:56  Pylon  
  24  1:59  Adept (Chrono Boost)  
  24  2:00  Warp Gate  
  27  2:05  Twilight Council  
  27  2:08  Probe  
  29  2:29  Sentry  
  30  2:39  Nexus  
  30  2:46  Blink (Chrono Boost)  
  30  2:52  Probe  
  30  2:56  Oracle  
  31  3:04  Probe  
  32  3:14  Gateway  
  32  3:16  Gateway  
  32  3:18  Probe  
  33  3:30  Probe  
  34  3:42  Probe  
  34  3:47  Robotics Facility  
  35  3:50  Stalker  
  35  3:55  Probe (Chrono Boost)  
  38  3:58  Probe (Chrono Boost)  
  39  4:09  Stalker, Pylon  
  43  4:10  Probe (Chrono Boost)  
  43  4:11  Stalker  
  43  4:12  Probe (Chrono Boost)  
  43  4:16  Probe (Chrono Boost)  
  46  4:20  Probe (Chrono Boost)  
  35  4:25  Probe (Chrono Boost)  
  37  4:35  Observer, Probe x2 (Chrono Boost)  
  37  4:38  Stalker x2  
  43  4:40  Probe (Chrono Boost)  
  43  4:43  Stalker  
  46  4:47  Probe  
  47  4:55  Probe  
  45  5:01  Probe (Chrono Boost)  
  45  5:05  Observer  
  46  5:07  Phoenix  
  46  5:09  Probe (Chrono Boost)  
  47  5:17  Stalker  
  47  5:20  Probe (Chrono Boost)  
  49  5:23  Probe (Chrono Boost)  
  51  5:30  Probe (Chrono Boost)  
  53  5:39  Probe x2 (Chrono Boost)  
  53  5:40  Pylon  
  53  5:41  Charge  
  54  5:46  Probe  
  54  5:47  Pylon  
  54  5:49  Stalker  
  55  5:54  Probe  
  53  6:01  Probe  
  54  6:06  Probe  
  52  6:13  Probe  
  45  6:19  Probe (Chrono Boost)  
  45  6:21  Gateway  
  45  6:22  Gateway  
  45  6:25  Probe (Chrono Boost)  
  44  6:31  Probe (Chrono Boost)  
  45  6:35  Probe (Chrono Boost)  
  42  6:47  Nexus  
  42  6:48  Probe x2  
  44  7:00  Probe x2  
  46  7:07  Gateway  
  46  7:09  Gateway  
  46  7:11  Stalker  
  46  7:12  Probe  
  49  7:19  Zealot x3  
  49  7:21  Probe  
  56  7:29  Zealot  
  58  7:35  Warp Prism (Chrono Boost)  
  58  7:40  Probe x2  
  58  7:41  Zealot  
  58  7:43  Sentry  
  66  7:48  Zealot  
  66  7:49  Zealot  
  70  8:00  Zealot  
  70  8:01  Zealot x2  
  73  8:07  Zealot x2  
  73  8:08  Zealot  
  79  8:15  Zealot  
  81  8:25  Zealot x3  
  81  8:26  Zealot x2  
  81  8:27  Zealot  
  55  8:37  Stalker x4  
  51  8:44  Probe x3  
  52  8:53  Zealot  
  52  8:54  Zealot x2  
  58  9:01  Probe x3 (Chrono Boost)  
  59  9:08  Templar Archives  
  62  9:10  Probe x3 (Chrono Boost)  
  62  9:12  Stalker  
  62  9:14  Shield Battery  
  62  9:15  Probe x2 (Chrono Boost)  
  62  9:16  Pylon  
  63  9:23  Observer (Chrono Boost)  
  66  9:24  Zealot  
  66  9:29  Zealot x2  
  72  9:36  Forge  
  72  9:42  Shield Battery  
  72  9:43  Zealot x2  
  76  9:51  Zealot x2  
  76  9:52  Zealot  
  82  10:00  Zealot x2  
  82  10:02  Probe  
  82  10:03  Assimilator, Probe x2  
  82  10:06  Assimilator  
  89  10:11  Assimilator  
  89  10:12  Stalker  
  91  10:15  Probe  
  91  10:18  Stalker x2  
  96  10:22  Stalker  
  93  10:35  Stalker  
  93  10:42  Zealot x2  
  99  10:48  Probe  
  99  10:49  Probe  
  101  11:00  Cybernetics Core  
  81  11:19  Zealot x2  
  81  11:20  Zealot x4  
  77  11:33  Probe x2  
  77  11:37  Pylon  

Tags
 
Add a new tag
Caveats
  • Supply blocks, unpowered buildings, or Contaminate may cause inaccurate times.
  • Supply counts are checked every 10 seconds.